[Event "Team 45 45 League T52"]
[Site "Internet Chess Club"]
[Date "2012.02.28"]
[Round "2"]
[White "rubo"]
[Black "Schack"]
[Result "1-0"]
[WhiteElo "1615"]
[BlackElo "1632"]
[Opening "Bird: From gambit, Lasker variation"]
[ECO "A02"]
[Time "20:00:18"]
[TimeControl "2700+45"]

1. f4 e5 2. fxe5 d6 3. exd6 Bxd6 4. Nf3 g5 5. d4 g4 6. Ng5 f5 7. e4 h6 8. e5 Be7
9. Nh3 gxh3 10. Qh5+ Kf8 11. Bc4 Rh7 12. c3 Bg5 13. Nd2 hxg2 14. Rg1 Bh4+ 15.
Kd1 Qg5 16. Qe2 Qg4 17. Nf3 Rg7 18. Nxh4 Qxh4 19. Rxg2 Rxg2 20. Qxg2 Qg4+ 21.
Qe2 h5 22. Be3 Nc6 23. Kd2 Qxe2+ 24. Kxe2 Nge7 25. Rg1 Na5 26. Bh6+ Ke8 27. Bd3
Be6 28. b3 Kd7 29. c4 Rg8 30. Rg3 Rxg3 31. hxg3 c6 32. Kf2 b6 33. Be2 Bf7 34.
Bg5 Nb7 35. Bf3 Nd8 36. Bxe7 Kxe7 37. d5 cxd5 38. cxd5 Bg6 39. Ke3 Nf7 40. Kf4
Kf8 41. Be2 Ke7 42. b4 Nd8 43. Ba6 Nf7 44. a3 Nd8 45. Bc8 Nf7 46. d6+ Nxd6 47.
exd6+ Kxd6 48. Bxf5 Bf7 49. Be4 Be8 50. Kg5 Ke5 51. Bg6 Bc6 52. Bxh5 Bd5 53. Kh6
Kd4 54. g4 Kc3 55. g5 Kb3 56. b5 Kxa3 57. Be2 Kb4 58. g6 Kc5 59. g7 Bg8 60. Kg6
Kd6 61. Kf6 Kd7 62. Bh5 Kd6 63. Bf7 Bh7 64. Bc4 Kc5 65. Bf1 Bg8 66. Ke7 Bh7 67.
Kf8 Kd6 68. g8=Q Bxg8 69. Kxg8 Ke7 70. Kg7 Ke8 71. Kf6 Kd8 72. Ke6 Ke8 73. Kd6
Kd8 74. Bh3 {Black resigns} 1-0

[Event "Team 45 45 League T52"]
[Site "Internet Chess Club"]
[Date "2012.02.26"]
[Round "2"]
[White "viking99"]
[Black "Philly-Boy"]
[Result "1-0"]
[WhiteElo "1870"]
[BlackElo "1842"]
[Opening "Scandinavian defense"]
[ECO "B01"]
[Time "22:04:00"]
[TimeControl "2700+45"]

1. e4 d5 2. exd5 Nf6 3. d4 Bg4 4. f3 Bf5 5. c4 e6 6. Nc3 exd5 7. g4 Nxg4 8. Qe2+
Kd7 9. fxg4 Qh4+ 10. Qf2 Qxg4 11. Bh3 {Black resigns} 1-0

[Event "Team 45 45 League T52"]
[Site "Internet Chess Club"]
[Date "2012.02.29"]
[Round "2"]
[White "pishd"]
[Black "sounix"]
[Result "0-1"]
[WhiteElo "1708"]
[BlackElo "1845"]
[Opening "Queen's pawn game"]
[ECO "A46"]
[Time "14:07:16"]
[TimeControl "2700+45"]

1. d4 Nf6 2. Nf3 e6 3. Bf4 c5 4. c3 Nc6 5. e3 d5 6. Nbd2 Bd6 7. Ne5 Qc7 8. Nd3
Bxf4 9. Nxf4 cxd4 10. cxd4 Nxd4 11. Rc1 Qd6 12. g3 Nc6 13. Bg2 O-O 14. O-O Bd7
15. e4 Ne7 16. Nc4 Qa6 17. exd5 Nexd5 18. Nxd5 Nxd5 19. Qb3 Rac8 20. Ne5 Qb5 21.
Qa3 a6 22. Nxd7 Qxd7 23. Rcd1 Qb5 24. Kh1 Rfd8 25. Be4 Nf6 26. Bd3 Qh5 27. f3
Kh8 28. Kg2 Qc5 29. Qb3 Nd5 30. Rc1 Ne3+ 31. Kf2 Qd4 32. Ke2 Nxf1 33. Rxf1 Rd7
34. Rd1 Rcd8 35. Kf1 Qf6 36. Kg2 b5 37. Qc2 g6 38. Kf2 Qd4+ 39. Ke2 e5 40. b3 f5
41. Qc6 Rd6 42. Qb7 e4 43. fxe4 fxe4 44. Bc2 Qb2 {White resigns} 0-1

[Event "Team 45 45 League T52"]
[Site "Internet Chess Club"]
[Date "2012.02.28"]
[Round "2"]
[White "WillC"]
[Black "timothysmall56"]
[Result "1-0"]
[WhiteElo "1821"]
[BlackElo "1514"]
[Opening "Queen's bishop game"]
[ECO "D02"]
[Time "19:28:49"]
[TimeControl "2700+45"]

1. d4 d5 2. Nf3 Nf6 3. Bf4 e6 4. e3 Bd6 5. Ne5 O-O 6. Be2 Nbd7 7. Bg3 Bxe5 8.
dxe5 Ne4 9. f4 Nxg3 10. hxg3 b6 11. Nd2 f6 12. exf6 Qxf6 13. Bd3 g6 14. Nf3 Re8
15. g4 Qxb2 16. Kf2 e5 17. Bxg6 hxg6 18. Qxd5+ Kg7 19. Rh7+ Kxh7 20. Qf7+ {Black
resigns} 1-0

[Event "Team 45 45 League T52"]
[Site "Internet Chess Club"]
[Date "2012.02.25"]
[Round "2"]
[White "Dracoac"]
[Black "cBishop"]
[Result "1-0"]
[WhiteElo "1810"]
[BlackElo "1616"]
[Opening "Queen's pawn game, Darooha variation "]
[ECO "D11"]
[Time "10:18:52"]
[TimeControl "2700+45"]

1. Nf3 d5 2. d4 Nf6 3. c4 c6 4. Qb3 Qb6 5. c5 Qxb3 6. axb3 g6 7. b4 Na6 8. Bd2
Ne4 9. Bc3 Bh6 10. e3 Nc7 11. Bd2 Bd7 12. Nc3 Bf5 13. Be2 O-O 14. O-O f6 15. Ra3
e5 16. dxe5 fxe5 17. Nxe4 dxe4 18. Nxe5 Nb5 19. Raa1 Bg7 20. Bc4+ Kh8 21. Nf7+
Kg8 22. Nd6+ Kh8 23. Bxb5 cxb5 24. Bc3 Bxc3 25. bxc3 a6 26. Nxb7 Bg4 27. Nd6 Be2
28. Rfe1 Bd3 29. Ra5 Rf6 30. Rea1 Raf8 31. R1a2 Bb1 32. Rb2 Bd3 33. Rxa6 h5 34.
Rb6 h4 35. Rb7 g5 36. Ra2 Bc4 37. Raa7 Bg8 38. Nxe4 g4 39. Rg7 R6f7 40. Rgxf7
Bxf7 41. Nd6 Bd5 42. Nxb5 h3 43. g3 Rf6 44. Nd6 Bf3 45. Rf7 Re6 46. b5 Re5 47.
Rxf3 Rd5 48. Rf8+ Kg7 49. Rf7+ Kg8 50. Kf1 Rd1+ 51. Ke2 Rh1 52. Rf4 Rxh2 53.
Rxg4+ Kf8 54. Rh4 Rh1 55. c6 Ke7 56. c7 Kxd6 57. c8=Q h2 58. Qc6+ Ke5 59. Rh5#
{Black checkmated} 1-0

[Event "Team 45 45 League T52"]
[Site "Internet Chess Club"]
[Date "2012.02.27"]
[Round "2"]
[White "JustinSane"]
[Black "AntMantis"]
[Result "1/2-1/2"]
[WhiteElo "2124"]
[BlackElo "2064"]
[Opening "Queen's pawn, Mason variation"]
[ECO "D00"]
[Time "17:05:28"]
[TimeControl "2700+45"]

1. d4 d5 2. Bf4 Nf6 3. e3 e6 4. Nf3 c5 5. c3 Nc6 6. Nbd2 Be7 7. h3 Qb6 8. Qb3
Bd7 9. Be2 O-O 10. O-O Rac8 11. Ne5 Rfd8 12. Nxd7 Nxd7 13. Rfe1 e5 14. dxe5
Ndxe5 15. Bf1 Bf6 16. Rad1 Rd7 17. Bg3 Rcd8 18. Rc1 Qa5 19. e4 d4 20. Nc4 Nxc4
21. Bxc4 dxc3 22. bxc3 Ne5 23. Bxe5 Bxe5 24. Bd5 b5 25. Rf1 c4 26. Qc2 Qb6 27.
Kh1 Qh6 28. Qe2 Qf6 29. Qc2 Qf4 30. g3 Qf3+ 31. Kh2 Rd6 32. Qd1 Qxd1 33. Rfxd1
g6 34. f4 Bg7 35. Rf1 Kf8 36. f5 R8d7 37. Rf3 gxf5 38. Rxf5 Rf6 39. Rxf6 Bxf6
40. Kg2 Be5 41. Rc2 Rd6 42. Rf2 Rf6 43. Rxf6 Bxf6 44. Bb7 b4 45. e5 bxc3 46. Be4
Bxe5 47. Bxh7 Ke7 48. Kf3 Ke6 49. g4 Bf6 50. Ke2 Bg5 51. Kd1 Ke5 52. Kc2 Kd4 53.
Bg8 f6 54. Be6 Bh4 {Game drawn by mutual agreement} 1/2-1/2

[Event "Team 45 45 League T52"]
[Site "Internet Chess Club"]
[Date "2012.02.26"]
[Round "2"]
[White "bshribharath"]
[Black "fileman"]
[Result "0-1"]
[WhiteElo "1874"]
[BlackElo "1865"]
[Opening "Queen's pawn game, Chigorin variation"]
[ECO "A04"]
[Time "12:12:23"]
[TimeControl "2700+45"]

1. Nf3 Nc6 2. d4 d5 3. g3 Bg4 4. Bg2 Qd7 5. c4 dxc4 6. Qa4 Bxf3 7. Bxf3 Nxd4 8.
Qxd7+ Kxd7 9. Bxb7 Rb8 10. Be4 Nf6 11. e3 Nxe4 12. exd4 e6 13. Nc3 Bb4 14. Bd2
Nxd2 15. Kxd2 c5 16. dxc5 Bxc5 17. Kc2 Rhd8 18. Rad1+ Kc6 19. f4 Bd4 20. Rhe1
Bxc3 21. Kxc3 Rd5 22. Rxd5 exd5 23. b3 cxb3 24. axb3 a5 25. Re5 Kd6 26. Rg5 g6
27. Re5 f6 28. Re3 h5 29. h3 Rb4 30. Rd3 Kc5 31. Kc2 a4 32. bxa4 Rxa4 33. Rc3+
Rc4 {White resigns} 0-1

[Event "Team 45 45 League T52"]
[Site "Internet Chess Club"]
[Date "2012.02.25"]
[Round "2"]
[White "hcube"]
[Black "FlyingTiger"]
[Result "1-0"]
[WhiteElo "1668"]
[BlackElo "1725"]
[Opening "Sicilian: accelerated fianchetto, modern variation"]
[ECO "B34"]
[Time "20:00:30"]
[TimeControl "2700+45"]

1. e4 c5 2. Nf3 g6 3. d4 cxd4 4. Nxd4 Nc6 5. Nc3 Bg7 6. Be3 Nf6 7. f3 O-O 8. Bc4
Qb6 9. Bb3 Ng4 10. fxg4 Bxd4 11. Bxd4 Nxd4 12. Nd5 Qc5 13. Nxe7+ Qxe7 14. Qxd4
Qh4+ 15. Qf2 Qxf2+ 16. Kxf2 d6 17. h3 Be6 18. Bxe6 fxe6+ 19. Ke3 Rac8 20. c3 d5
21. Rhf1 Rc4 22. Rxf8+ Kxf8 23. Rf1+ Ke7 24. exd5 exd5 25. Rf4 b5 26. Rxc4 dxc4
27. g5 Ke6 28. Ke4 a6 29. g4 a5 30. h4 a4 31. Kd4 Kd6 32. a3 Ke6 33. Kc5 Ke5 34.
Kxb5 Kf4 35. h5 gxh5 36. gxh5 Kxg5 37. Kxa4 Kxh5 38. Kb4 Kg5 39. a4 h5 40. a5 h4
41. a6 h3 42. a7 {Black resigns} 1-0

[Event "Team 45 45 League T52"]
[Site "Internet Chess Club"]
[Date "2012.02.26"]
[Round "2"]
[White "Sirian"]
[Black "fireball"]
[Result "1-0"]
[WhiteElo "1565"]
[BlackElo "1655"]
[Opening "French defense"]
[ECO "C00"]
[Time "16:14:28"]
[TimeControl "2700+45"]

1. e4 e6 2. Nc3 d5 3. exd5 exd5 4. d4 Nf6 5. Nf3 Bb4 6. Bd2 O-O 7. Bd3 Bxc3 8.
Bxc3 Re8+ 9. Ne5 Ne4 10. Qf3 Ng5 11. Bxh7+ Nxh7 12. Qxf7+ Kh8 13. O-O-O Rxe5 14.
dxe5 c6 15. e6 Qg8 16. Rhe1 Na6 17. e7 Bd7 18. e8=Q Bxe8 19. Qxb7 Nc5 20. Qxa8
Bg6 21. Qxc6 Ne4 22. Qxg6 {Black resigns} 1-0

[Event "Team 45 45 League T52"]
[Site "Internet Chess Club"]
[Date "2012.02.24"]
[Round "2"]
[White "BigH"]
[Black "charles-allen"]
[Result "1/2-1/2"]
[WhiteElo "2151"]
[BlackElo "1895"]
[Opening "Petrov: classical attack, Chigorin variation"]
[ECO "C42"]
[Time "14:30:50"]
[TimeControl "2700+45"]

1. e4 e5 2. Nf3 Nf6 3. Nxe5 d6 4. Nf3 Nxe4 5. d4 d5 6. Bd3 Nc6 7. O-O Be7 8. Re1
Bg4 9. c3 f5 10. h3 Bh5 11. Bf4 O-O 12. Qb3 Bd6 13. Bxe4 fxe4 14. Qxd5+ Bf7 15.
Qxe4 Bxf4 16. Qxf4 Bd5 17. Qg3 Bxf3 18. gxf3 Qd5 19. Nd2 Rf6 20. Re4 Raf8 21.
Rg4 g6 22. Kh2 Qd7 23. Re1 Ne7 24. Rge4 Nf5 25. Qg4 Qb5 26. R4e2 Nd6 27. b3 Qd3
28. c4 Rf4 29. Qe6+ Kh8 30. d5 Re8 31. Qxe8+ Nxe8 32. Rxe8+ Kg7 33. R1e2 Kh6 34.
R8e3 Qf5 35. Re5 Qd3 36. Kg3 Rf5 37. R5e3 Rg5+ 38. Kh2 Qf5 39. Re4 Rh5 40. Rg4
{Game drawn by mutual agreement} 1/2-1/2

[Event "Team 45 45 League T52"]
[Site "Internet Chess Club"]
[Date "2012.02.26"]
[Round "2"]
[White "j65536d"]
[Black "zap2"]
[Result "0-1"]
[WhiteElo "1821"]
[BlackElo "1771"]
[Opening "KP: Nimzovich defense"]
[ECO "B00"]
[Time "15:06:30"]
[TimeControl "2700+45"]

1. e4 Nc6 2. d4 d5 3. e5 Bf5 4. Ne2 e6 5. Ng3 Nge7 6. c3 Qd7 7. Nxf5 Nxf5 8. Bd3
h5 9. Bg5 Be7 10. Bxe7 Ncxe7 11. b4 a5 12. bxa5 Rxa5 13. Nd2 b6 14. Nb3 Ra3 15.
O-O g6 16. h3 h4 17. Kh2 Qa4 18. Qe2 c6 19. g4 hxg3+ 20. fxg3 Kd7 21. g4 Nh6 22.
Kg3 Ra8 23. Rf2 Rxb3 24. Qd2 Nhf5+ 25. gxf5 Nxf5+ 26. Kh2 Ra3 27. Qb2 b5 28. Bc2
Qa5 29. Bb3 Qd8 30. Rg1 Qe7 31. Qe2 Rh8 32. Rg4 Rh4 33. Rff4 Ra8 34. Rxh4 Nxh4
35. Qf1 Nf5 36. Qe2 Rh8 37. a4 Qa3 38. Qc2 bxa4 39. Bxa4 g5 40. Rxf5 exf5 41.
Qxf5+ Kc7 42. Qf6 Qb2+ 43. Kg1 Qc1+ 44. Kg2 Qd2+ 45. Kg1 Qe1+ 46. Kg2 Qe4+ 47.
Kg1 Qe1+ 48. Kg2 Qd2+ 49. Kg1 Qe3+ 50. Kg2 Qxh3+ {White resigns} 0-1

[Event "Team 45 45 League T52"]
[Site "Internet Chess Club"]
[Date "2012.02.25"]
[Round "2"]
[White "jantonio"]
[Black "Inquisiteur"]
[Result "1/2-1/2"]
[WhiteElo "1716"]
[BlackElo "1706"]
[Opening "Réti: King's Indian attack (Barcza system)"]
[ECO "A07"]
[Time "10:01:08"]
[TimeControl "2700+45"]

1. Nf3 d5 2. g3 c6 3. Bg2 Bf5 4. O-O Nf6 5. d3 h6 6. Nbd2 Nbd7 7. b3 e5 8. Bb2
Bd6 9. c4 d4 10. Rc1 a5 11. Qc2 O-O 12. c5 Bc7 13. Nc4 Qe7 14. e4 dxe3 15. Nxe3
Bxd3 16. Qxd3 e4 17. Qc2 exf3 18. Nf5 Qxc5 19. Bxf3 Qxc2 20. Rxc2 Rfe8 21. Rd1
Ne5 22. Bg2 Rad8 23. Rcc1 Nd3 24. Rc2 Nxb2 25. Rxd8 Rxd8 26. Rxb2 Rd1+ 27. Bf1
h5 28. Kg2 g6 29. Ne3 Rd7 30. Kf3 Rd4 31. Rc2 a4 32. Rc4 Rxc4 33. bxc4 Nd7 34.
Ke4 f6 35. Nc2 Kf7 36. Be2 f5+ 37. Kf3 Be5 38. Ke3 Nc5 39. f4 Bf6 40. h4 Ne4 41.
Kf3 Nc3 42. Nb4 Nxe2 43. Kxe2 Ke7 44. Kd3 Kd6 45. Nc2 Kc5 46. Ne3 Bd4 47. Nf1 b5
48. cxb5 cxb5 49. Kc2 Kb4 50. Kb1 Kc3 51. Kc1 Kd3 52. Kd1 b4 {Game drawn by
mutual agreement} 1/2-1/2

[Event "Team 45 45 League T52"]
[Site "Internet Chess Club"]
[Date "2012.02.26"]
[Round "2"]
[White "ChessicalZ"]
[Black "gandre"]
[Result "1-0"]
[WhiteElo "1868"]
[BlackElo "1600"]
[Opening "English: ultra-symmetrical variation"]
[ECO "A36"]
[Time "19:02:05"]
[TimeControl "2700+45"]

1. c4 c5 2. g3 g6 3. Bg2 Bg7 4. Nc3 Nc6 5. a3 e5 6. d3 Nge7 7. Bg5 h6 8. Be3 d6
9. Rb1 a5 10. Nf3 Be6 11. O-O O-O 12. Qd2 Nf5 13. Ne1 Qd7 14. Nc2 Ncd4 15. Bxd4
exd4 16. Nd5 Qd8 17. b4 axb4 18. axb4 Rb8 19. bxc5 dxc5 20. Nb6 Nd6 21. Rb3 Re8
22. Rfb1 Qc7 23. Nd5 Qd8 24. Na3 Bd7 25. R1b2 Bc6 26. Nf4 Bxg2 27. Kxg2 h5 28.
Nd5 Kh7 29. Rb6 Bh6 30. Qc2 Re6 31. Nb5 Nc8 32. Rxe6 fxe6 33. Ndc7 Qe7 34. Qa4
b6 35. Ra2 Qd7 36. Qd1 Rb7 37. Na8 Nd6 38. Nxd6 Qxd6 39. Qa4 e5 40. Qb5 Qb8 41.
Ra6 Ra7 42. Rxa7+ Qxa7 43. Nxb6 Bf8 44. Qd7+ Qxd7 45. Nxd7 Bd6 46. Kf3 Kg7 47.
Ke4 Kf7 48. Kd5 Ke7 49. Nxc5 Bc7 50. Ne6 Bb8 51. h3 Bd6 52. f3 Bb8 53. h4 Bd6
54. g4 Bb8 55. c5 Kf6 56. c6 hxg4 57. fxg4 Ke7 58. c7 {Black resigns} 1-0

[Event "Team 45 45 League T52"]
[Site "Internet Chess Club"]
[Date "2012.02.25"]
[Round "2"]
[White "rook9999"]
[Black "jjmolina"]
[Result "0-1"]
[WhiteElo "1920"]
[BlackElo "1852"]
[Opening "Petrov three knights game"]
[ECO "C42"]
[Time "16:04:18"]
[TimeControl "2700+45"]

1. e4 e5 2. Nf3 Nf6 3. Nc3 Bb4 4. Nxe5 O-O 5. d3 Re8 6. Nf3 d5 7. Bd2 dxe4 8.
Nxe4 Nxe4 9. dxe4 Rxe4+ 10. Be2 Nc6 11. Bxb4 Qxd1+ 12. Rxd1 Rxb4 13. b3 Re4 14.
Rd2 Bg4 15. O-O Rae8 16. Bd3 Bxf3 17. Bxe4 Bxe4 18. Re1 Re6 19. g4 Kf8 20. Rd7
Ne5 21. Rd8+ Ke7 22. Red1 Nf3+ 23. Kg2 Nd2+ 24. f3 Bxf3+ 25. Kg3 Bxd1 26. Rxd2
Be2 27. c4 Bf1 28. Kf2 Bh3 29. Kg3 Re3+ 30. Kf4 Rc3 31. Re2+ Kf6 32. Rf2 Kg6 33.
Rd2 f5 34. gxf5+ Bxf5 {White resigns} 0-1

[Event "Team 45 45 League T52"]
[Site "Internet Chess Club"]
[Date "2012.02.26"]
[Round "2"]
[White "IceBox"]
[Black "mmf00"]
[Result "1-0"]
[WhiteElo "1847"]
[BlackElo "1880"]
[Opening "Bogo-Indian defense, Nimzovich variation"]
[ECO "E11"]
[Time "11:00:47"]
[TimeControl "2700+45"]

1. d4 Nf6 2. c4 e6 3. Nf3 Bb4+ 4. Bd2 Qe7 5. a3 Bxd2+ 6. Nbxd2 d6 7. e3 O-O 8.
Be2 e5 9. dxe5 dxe5 10. O-O c6 11. Qc2 Bg4 12. Rae1 Nbd7 13. Ng5 Bxe2 14. Rxe2
h6 15. Ngf3 Rad8 16. Rd1 a5 17. Nf1 Nc5 18. Red2 e4 19. Rxd8 Rxd8 20. Rxd8+ Qxd8
21. N3d2 a4 22. Qc3 Qd3 23. Qd4 Qxd4 24. exd4 Nd3 25. b4 axb3 26. Nxb3 Nb2 27.
Nfd2 Kf8 28. Na5 b5 29. c5 Ke8 30. Nxc6 Kd7 31. Na7 Nc4 32. Nb1 Nd5 33. Nxb5 Kc6
34. a4 e3 35. fxe3 Ncxe3 36. N1c3 Nxc3 37. Nxc3 Nc2 38. Ne2 Kd5 39. a5 Nb4 40.
Kf2 Kc4 41. Ke3 Kb5 42. Ke4 Kxa5 43. Nc3 Ka6 44. d5 Kb7 45. Ke5 Kc7 46. Nb5+ Kd7
47. c6+ Nxc6+ 48. dxc6+ Kxc6 49. Nd6 f6+ 50. Ke6 Kc5 51. Nf5 Kc4 52. Nxg7 Kd3
53. Kf5 Ke2 54. g4 Kf3 55. h4 Kg3 56. h5 Kh4 57. Ne8 Kg3 58. Nxf6 Kh4 59. Ng8
Kg3 60. Nxh6 Kh4 61. Nf7 Kg3 62. h6 Kg2 63. h7 Kg3 64. g5 Kg2 65. g6 Kf2 66. g7
Kf3 67. g8=Q Kf2 68. h8=Q Kf3 69. Qh3+ Ke2 70. Qgg2+ Ke1 71. Qhh1# {Black
checkmated} 1-0

[Event "Team 45 45 League T52"]
[Site "Internet Chess Club"]
[Date "2012.02.26"]
[Round "2"]
[White "ryan2chess"]
[Black "Heian"]
[Result "1/2-1/2"]
[WhiteElo "1783"]
[BlackElo "1843"]
[Opening "Scotch gambit"]
[ECO "C44"]
[Time "14:00:25"]
[TimeControl "2700+45"]

1. e4 e5 2. Nf3 Nc6 3. d4 exd4 4. Bc4 Bc5 5. O-O d6 6. Bb5 Bg4 7. Nbd2 Ne7 8.
Nb3 Bb6 9. h3 Bxf3 10. Qxf3 O-O 11. Bg5 f6 12. Bd2 a6 13. Bc4+ Kh8 14. Qg3 Ne5
15. Be2 N7g6 16. a4 c5 17. f4 Nf7 18. a5 Ba7 19. Kh1 Rc8 20. c4 Bb8 21. Bd3 Ne7
22. Qh4 Ng6 23. Qh5 Qe8 24. e5 Nh6 25. e6 f5 26. Rae1 Ne7 27. Qg5 Rf6 28. g4
Qc6+ 29. Kh2 d5 30. Qh5 Nxg4+ 31. hxg4 Rh6 32. Qxh6 gxh6 33. gxf5 Rg8 34. f6
dxc4 35. Be4 Qxe6 36. Bxh7 Qxf6 37. Bxg8 Nxg8 38. Nxc5 Qh4+ 39. Kg2 Qg4+ 40. Kf2
Bxf4 41. Ne4 Be3+ 42. Bxe3 Qxe4 43. Bd2 Qf5+ 44. Kg2 Qg4+ 45. Kf2 Nf6 46. Re2
Qh4+ 47. Kg1 Ne4 48. Rf4 Qg5+ 49. Rg2 Qd5 50. Rh4 h5 51. Rg5 Nxg5 52. Rxh5+ Kg7
53. Rxg5+ Qxg5+ 54. Bxg5 Kg6 55. Bc1 Kf5 56. Kf2 Ke4 57. Ke2 Kd5 58. Bd2 Kc5 59.
Kf3 b6 60. axb6 Kxb6 61. Bb4 Kb5 62. Ba3 Ka4 63. Ke4 c3 64. bxc3 dxc3 65. Bc1
Kb3 66. Kd3 a5 67. Be3 a4 68. Bc1 c2 69. Kd2 a3 70. Bxa3 Kxa3 71. Kxc2 {Game
drawn because neither player has mating material} 1/2-1/2

[Event "Team 45 45 League T52"]
[Site "Internet Chess Club"]
[Date "2012.02.24"]
[Round "2"]
[White "Juan73"]
[Black "zigzag2002"]
[Result "1-0"]
[WhiteElo "1750"]
[BlackElo "1799"]
[Opening "Sicilian: Pelikan (Lasker/Sveshnikov) variation"]
[ECO "B23"]
[Time "19:08:13"]
[TimeControl "2700+45"]

1. e4 c5 2. Nc3 Nc6 3. Nf3 Nf6 4. d4 cxd4 5. Nxd4 e5 6. Nxc6 bxc6 7. f4 Bb4 8.
Bd3 Qc7 9. O-O O-O 10. a3 Bxc3 11. bxc3 d5 12. Qf3 Bg4 13. Qg3 dxe4 14. fxe5
exd3 15. cxd3 Kh8 16. exf6 Qxg3 17. hxg3 Be2 18. Rf2 Bxd3 19. Be3 a6 20. Rd1 Bc4
21. Rd4 Bd5 22. fxg7+ Kxg7 23. Rg4+ Kh8 24. Bd4+ f6 25. Rxf6 h5 26. Rh6# {Black
checkmated} 1-0

[Event "Team 45 45 League T52"]
[Site "Internet Chess Club"]
[Date "2012.02.26"]
[Round "2"]
[White "superbeast"]
[Black "lasker25"]
[Result "1-0"]
[WhiteElo "1992"]
[BlackElo "1924"]
[Opening "English opening"]
[ECO "A20"]
[Time "14:00:28"]
[TimeControl "2700+45"]

1. c4 e5 2. g3 Nf6 3. Bg2 d5 4. cxd5 Nxd5 5. Nf3 Nc6 6. O-O Nb6 7. b3 Be7 8. Bb2
f6 9. d3 O-O 10. Nbd2 Be6 11. Rc1 Qd7 12. Ne4 Rfd8 13. Nc5 Bxc5 14. Rxc5 Nd5 15.
a3 Nce7 16. e4 Nb6 17. d4 exd4 18. Qxd4 Bxb3 19. Qc3 Bf7 20. Rxc7 Qe8 21. Bh3
Na4 22. Qb4 Ng6 23. Bd4 a5 24. Qxb7 Rab8 25. Qc6 Qxc6 26. Rxc6 Rb3 27. Be3 Rxa3
28. Rfc1 Rad3 29. Ra6 Nb2 30. Bf1 Rd1 31. Rxd1 Nxd1 32. Bd4 Bb3 33. Rxa5 Ne7 34.
Rc5 f5 35. exf5 Bd5 36. Nh4 Be4 37. f6 Rxd4 38. fxe7 Kf7 39. Re5 Bc6 40. Nf5 Rd2
41. Bc4+ Kf6 42. Re6+ Kxf5 43. Rxc6 {Black resigns} 1-0

[Event "Team 45 45 League T52"]
[Site "Internet Chess Club"]
[Date "2012.02.25"]
[Round "2"]
[White "vaknight"]
[Black "Tobiasdelmonte"]
[Result "0-1"]
[WhiteElo "1757"]
[BlackElo "1744"]
[Opening "Bird's opening"]
[ECO "A03"]
[Time "12:00:38"]
[TimeControl "2700+45"]

1. f4 d5 2. b3 e5 3. fxe5 Qh4+ 4. g3 Qd4 5. Nc3 Bc5 6. e3 Qxe5 7. d4 Qf6 8. Nxd5
Qc6 9. dxc5 Be6 10. Bg2 Qxc5 11. Bb2 f6 12. Qh5+ Kf8 13. Qd1 Na6 14. Nf4 Bf5 15.
Bxb7 Qb4+ 16. c3 Qxb7 17. Qf3 Be4 18. Ne6+ Ke7 19. Qg4 Bxh1 20. O-O-O c5 21.
Qxg7+ Kxe6 22. Qxh8 {White resigns} 0-1

[Event "Team 45 45 League T52"]
[Site "Internet Chess Club"]
[Date "2012.02.23"]
[Round "2"]
[White "quotha"]
[Black "CheeryCherry"]
[Result "0-1"]
[WhiteElo "1651"]
[BlackElo "1443"]
[Opening "Giuoco Pianissimo"]
[ECO "C24"]
[Time "13:02:10"]
[TimeControl "2700+45"]

1. e4 e5 2. Bc4 Nf6 3. d3 Bc5 4. Nf3 Nc6 5. O-O O-O 6. c3 h6 7. b4 Bd6 8. a4 a6
9. Re1 Ne7 10. Qb3 Ng6 11. Bb2 c6 12. d4 Qe7 13. Nbd2 b6 14. Nf1 Bb7 15. Ng3 Bc7
16. Rad1 Rfe8 17. Nf5 Qf8 18. b5 axb5 19. axb5 d5 20. exd5 cxd5 21. Bf1 e4 22.
N3h4 Nxh4 23. Nxh4 Ng4 24. g3 Qe7 25. Bh3 Nxh2 26. Re3 Qg5 27. Kxh2 Qxh4 28. Kg2
Qg5 29. c4 Bf4 30. Bc1 Bxe3 31. Bxe3 dxc4 32. Qxc4 Qd5 33. Qe2 Ra2 34. Qf1 Bc8
35. Kg1 Bxh3 36. Qxh3 Rea8 37. Kg2 R8a3 38. Kg1 Ra1 39. Rxa1 Rxa1+ 40. Kg2 Qxb5
41. Qc8+ Kh7 42. g4 Qf1+ 43. Kg3 Qg1+ 44. Kf4 Ra5 45. Kxe4 Qg2+ 46. f3 Qa2 47.
Qd8 Qe6+ 48. Kf4 g5+ {White resigns} 0-1

[Event "Team 45 45 League T52"]
[Site "Internet Chess Club"]
[Date "2012.02.27"]
[Round "2"]
[White "rayonline53"]
[Black "vigneshv"]
[Result "1-0"]
[WhiteElo "1661"]
[BlackElo "1517"]
[Opening "King's Indian: fianchetto, classical variation"]
[ECO "E67"]
[Time "18:00:25"]
[TimeControl "2700+45"]

1. d4 Nf6 2. c4 g6 3. Nf3 Bg7 4. g3 O-O 5. Bg2 d6 6. O-O Nbd7 7. Nc3 e5 8. dxe5
dxe5 9. e4 c6 10. Qc2 Qc7 11. b3 Re8 12. Bb2 a5 13. Rad1 Nc5 14. Ne1 Bg4 15. f3
Be6 16. Nd3 Nxd3 17. Rxd3 Rad8 18. Rfd1 Qb6+ 19. Qf2 Rd4 20. Na4 Rxd3 21. Rxd3
Qxf2+ 22. Kxf2 Nd7 23. Rd1 b5 24. cxb5 cxb5 25. Nc3 Rc8 26. Rd2 Bh6 27. Re2 b4
28. Nd5 Bxd5 29. exd5 Bg7 30. Bh3 Rd8 31. Bxd7 Rxd7 32. Rd2 f6 33. Ke2 Kf7 34.
f4 exf4 35. gxf4 Bh6 36. Kf3 Bg7 37. Kg3 Ke7 38. Kf3 Kd6 39. Bd4 Kc7 40. Rc2+
Kd6 41. Rd2 Kc7 42. Rc2+ Kd6 43. Bb6 Kxd5 44. Bxa5 Rb7 45. Rc4 Bf8 46. Bd8 f5
47. h4 Ra7 48. Rc2 Kd4 49. Bb6+ Kd3 50. Rc8 Ra6 51. Rxf8 Rxb6 52. Rf7 h5 53. Ra7
Re6 54. a4 bxa3 55. Rxa3 Kc3 56. Ra5 Kxb3 57. Re5 Rd6 58. Ke2 Kc3 59. Kf3 Rd3+
60. Kg2 Rd6 61. Kf3 Kc4 62. Re1 Rd3+ 63. Kg2 Kc5 64. Re6 Rd6 65. Re5+ Kd4 66.
Re1 Kc5 67. Rc1+ Kd5 68. Rd1+ Kc6 69. Rc1+ Kd7 70. Re1 Re6 71. Rd1+ Ke7 72. Kf3
Rd6 73. Re1+ Kd7 74. Ra1 Rb6 75. Re1 Kd6 76. Rd1+ Kc5 77. Rd8 Rd6 78. Rc8+ Kd4
79. Rc1 Kd3 80. Rd1+ {Black resigns} 1-0

[Event "Team 45 45 League T52"]
[Site "Internet Chess Club"]
[Date "2012.02.27"]
[Round "2"]
[White "koni"]
[Black "fledermaus"]
[Result "0-1"]
[WhiteElo "1890"]
[BlackElo "1846"]
[Opening "Queen's pawn game, Rubinstein (Colle-Zukertort) variation"]
[ECO "D05"]
[Time "12:05:04"]
[TimeControl "2700+45"]

1. d4 d5 2. Nf3 Nf6 3. e3 e6 4. Bd3 c5 5. b3 cxd4 6. exd4 Bb4+ 7. c3 Be7 8. O-O
O-O 9. Nbd2 b6 10. Qe2 Bb7 11. Ne5 Nbd7 12. f4 Rc8 13. Bb2 Rc7 14. Rf3 Qa8 15.
Re1 Bd6 16. Rh3 Re8 17. g4 Nf8 18. g5 N6d7 19. Qh5 g6 20. Qh6 Qd8 21. Ndf3 Qe7
22. Bb5 f5 23. gxf6 Nxf6 24. Bxe8 Qxe8 25. Ng5 Ne4 26. Nxe4 dxe4 27. Ree3 Rg7
28. c4 Nd7 29. Qh4 Nxe5 30. fxe5 Be7 31. Qg4 Qf7 32. Rhg3 h5 33. Qe2 g5 34. Rg2
g4 35. Rf2 Qg6 36. Qf1 Bg5 37. Ree2 Qh6 38. Ba3 Be3 39. Bf8 g3 40. Bxg7 Bxf2+
41. Kg2 e3+ 42. d5 Qxg7 43. h3 Qxe5 44. Qb1 Bxd5+ 45. cxd5 Qxd5+ {White resigns}
0-1

[Event "Team 45 45 League T52"]
[Site "Internet Chess Club"]
[Date "2012.02.27"]
[Round "2"]
[White "gerailen0075"]
[Black "kabindra"]
[Result "1-0"]
[WhiteElo "1819"]
[BlackElo "1852"]
[Opening "Ruy Lopez: Anderssen variation"]
[ECO "C77"]
[Time "10:03:59"]
[TimeControl "2700+45"]

1. e4 e5 2. Nf3 Nc6 3. Bb5 a6 4. Ba4 Nf6 5. d3 b5 6. Bb3 Be7 7. a4 Bb7 8. O-O
O-O 9. Re1 d6 10. Nbd2 Na5 11. Ba2 c5 12. Nf1 bxa4 13. Ne3 g6 14. Bd2 Nc6 15. c3
Qc8 16. Nc4 Qg4 17. Nb6 Rab8 18. Ng5 Qxd1 19. Rexd1 Bd8 20. Nd5 Nxd5 21. Bxd5
Na5 22. Rxa4 Bxd5 23. exd5 Rxb2 24. Ne4 Nb3 25. Bh6 Re8 26. Nxd6 Re7 27. Nc4 Rc2
28. Rxa6 Rd7 29. Nxe5 Rxd5 30. Ra8 Rxe5 31. Rxd8+ {Black resigns} 1-0